AoeStats
← Pancho-Hot

Arabia

508807147Analyzed
1v1 RM · 8d ago on Sep 24, 2026· 61m 17s· 2 players
Game mode
Random Map
Map size
Tiny (2 player)
Population
200
Speed
Normal
Resources
Standard
Victory
Conquest
Starting age
Dark Age
Ending age
Imperial Age
RankedLock teamsTeams togetherTeam positionsShared explorationLock speedFull tech treeHidden civsTurbo modeCheats
Victory
Defeat
🇨🇳 Tatars · China
1096
+36
🇲🇽 Mongols · Mexico
1068
-15
Pancho-Hot
6:04 Loom
8:28 Feudal Age
20:47 Castle Age
19:58 Fletching
25:52 Thumb Ring
25:13 Pikeman
25:56 Bodkin Arrow
26:02 Padded Archer Armor
27:42 Horse Collar
27:50 Double-Bit Axe
32:01 Bloodlines
31:52 Husbandry
35:16 Wheelbarrow
34:27 Town Watch
39:10 Leather Archer Armor
44:57 Imperial Age
45:57 Scale Mail Armor
46:08 Forging
48:06 Chain Mail Armor
47:57 Gold Mining
47:58 Stone Mining
51:03 Cavalier
55:55 Light Cavalry
56:44 Scale Barding Armor
57:15 Iron Casting
56:41 Bracer
60:11 Hussar
Mr.Bean
2:44 Loom
4:59 Loom
9:42 Feudal Age
13:12 Wheelbarrow
14:43 Double-Bit Axe
15:07 Horse Collar
21:25 Castle Age
20:51 Scale Barding Armor
21:47 Bloodlines
22:32 Gold Mining
23:41 Husbandry
26:00 Bloodlines
26:17 Bow Saw
27:27 Fletching
27:59 Elite Skirmisher
29:34 Bodkin Arrow
31:09 Padded Archer Armor
33:25 Leather Archer Armor
36:44 Ballistics
36:51 Stone Mining
38:16 Light Cavalry
46:33 Hand Cart
48:10 Gold Shaft Mining
50:25 Imperial Age
48:13 Bow Saw
48:06 Heavy Plow
50:33 Heavy Camel Rider
51:49 Heavy Camel Rider
53:10 Timurid Siegecraft
53:20 Conscription
54:58 Bracer
55:19 Chain Barding Armor
55:09 Forging
55:30 Ring Archer Armor
55:31 Hussar
55:43 Capped Ram
58:32 Iron Casting
58:32 Plate Barding Armor
Connection lost

Rejoining the realm…

Still unreachable

The connection could not be restored.

Session expired

The server has moved on; the page needs a fresh start.